 Dungeon Crawl Stone Soup version 0.16.1 (webtiles) character file.

68799 Fiveotanaka the Shatterer (level 15, -21/161 HPs)
             Began as an Ogre Berserker on Mar 24, 2015.
             Was the Champion of Trog.
             Killed by Shatter
             ... invoked by Jorgrun
              (41 damage)
             ... on level 2 of the Snake Pit.
             The game lasted 01:01:19 (26779 turns).

Fiveotanaka the Shatterer (Ogre Berserker)         Turns: 26779, Time: 01:01:20

Health: -21/161    AC:  6    Str: 30    XL:     15   Next: 27%
Magic:  4/15       EV: 17    Int:  8    God:    Trog [******]
Gold:   712        SH:  0    Dex: 14    Spells: 0 memorised, 14 levels left

rFire  . . .     SeeInvis +     o - +11 dire flail of Balance {distort, rN+}
rCold  . . .     Clarity  .     r - +1 robe {rN+}
rNeg   + + .     SustAb   .     (shield restricted)
rPois  +         Gourm    .     L - +2 hat {MR+}
rElec  +         Spirit   .     p - -2 cloak "Shraatug" {Contam +Blink Str+4 Slay+5}
rCorr  .         Warding  .     (gloves unavailable)
rMut   .         Stasis   .     (boots unavailable)
MR     +++++                    v - amulet of regeneration
Stlth  +.........               Z - ring of Dim Light {rElec rPois MR+ Int+2}
                                V - ring of see invisible

@: regenerating, almost entirely resistant to hostile enchantments, very
unstealthy
A: unfitting armour, tough skin 1
a: Burn Spellbooks, Berserk, Trog's Hand, Brothers in Arms, Renounce Religion,
Evoke Blink


You were on level 2 of the Snake Pit.
You worshipped Trog.
Trog was exalted by your worship.
You were not hungry.

You visited 4 branches of the dungeon, and saw 24 of its levels.
You also visited: Labyrinth.

You collected 2203 gold pieces.
You spent 1491 gold pieces at shops.

Inventory:

Hand weapons
 j - a +1 antimagic dire flail
 o - the +11 dire flail of Balance (weapon) {distort, rN+}
   (Trog gifted it to you on level 2 of the Lair of Beasts)

   It warps and distorts space around it.
   Unwielding it can cause banishment or high damage.
   It protects you from negative energy.
 q - the +3 eveningstar of Khoygaq {crush, rF+}
   (You bought it in a shop on level 6 of the Dungeon)

   It inflicts extra damage upon your enemies.
   It protects you from fire.
 s - the +3 giant spiked club of Atheism {venom, rElec rC- SInv, unknown}
   (Trog gifted it to you on level 4 of the Orcish Mines)

   It poisons the flesh of those it strikes.
   It makes you vulnerable to cold.
   It insulates you from electricity.
   It enhances your eyesight.
 D - the +7 giant club "Zexuj" {venom, MR++ Str+2 Int-5}
   (Trog gifted it to you on level 10 of the Dungeon)

   It poisons the flesh of those it strikes.
   It affects your strength (+2).
   It affects your intelligence (-5).
   It affects your resistance to hostile enchantments.
 I - a +4 flail of protection
 S - a +3 great mace of holy wrath
Missiles
 g - 471 stones (quivered)
 G - 15 large rocks
 P - 4 throwing nets
Armour
 b - a +0 animal skin
 f - the +2 robe "Qyups" {rElec Dex+2 Slay-2}
   (You bought it in a shop on level 4 of the Orcish Mines)

   It affects your dexterity (+2).
   It affects your accuracy and damage with ranged weapons and melee attacks
   (-2).
   It insulates you from electricity.
 p - the -2 cloak "Shraatug" (worn) {Contam +Blink Str+4 Slay+5}
   (You acquired it on level 4 of the Lair of Beasts)

   It affects your strength (+4).
   It affects your accuracy and damage with ranged weapons and melee attacks
   (+5).
   It lets you blink.
   It causes magical contamination when unequipped.
 r - a +1 robe of positive energy (worn)
 J - a +0 cloak of magic resistance
 L - a +2 hat of magic resistance (worn)
Jewellery
 v - an amulet of regeneration (around neck)
 B - an uncursed amulet of warding
 C - an uncursed ring of protection from cold
 V - a ring of see invisible (left hand)
 Z - the ring of Dim Light (right hand) {rElec rPois MR+ Int+2}
   (You bought it in a shop on level 1 of the Orcish Mines)

   [ring of poison resistance]

   It affects your intelligence (+2).
   It insulates you from electricity.
   It protects you from poison.
   It affects your resistance to hostile enchantments.
Magical devices
 w - a wand of teleportation (4)
 A - a wand of cold (8)
 Q - a wand of digging (19)
Scrolls
 a - 8 scrolls of magic mapping
 e - 10 scrolls of teleportation
 i - 9 scrolls of remove curse
 m - 10 scrolls of enchant armour
 u - 3 scrolls of recharging
 y - a scroll of fog
 N - 3 scrolls of enchant weapon
 O - a scroll of fear
 R - a scroll of holy word
 U - a scroll of silence
 W - a scroll of brand weapon {unknown}
Potions
 d - 6 potions of might
 h - 6 potions of agility
 k - 4 potions of brilliance {unknown}
 l - a potion of haste {unknown}
 n - 2 potions of flight {unknown}
 t - 5 potions of curing
 x - 3 potions of restore abilities {unknown}
 E - 2 potions of magic {unknown}
 F - 2 potions of heal wounds
 K - a potion of ambrosia {unknown}
 T - a potion of mutation {unknown}
 Y - a potion of berserk rage {unknown}
Comestibles
 c - 8 meat rations
 z - 7 bread rations
 H - 5 fruits
 M - 7 slices of pizza
 X - 2 poisonous chunks of flesh


   Skills:
 + Level 13.4 Fighting
 + Level 21.4 Maces & Flails
 + Level 9.2 Armour
 + Level 12.2 Dodging


You had 14 spell levels left.
You didn't know any spells.

Dungeon Overview and Level Annotations

Branches:
Dungeon (10/15)            Temple (0/1) D:5            Lair (8/8) D:10
 Shoals (0/5) Lair:5        Snake (2/5) Lair:4        Slime (0/6) Lair:8
    Orc (4/4) D:10            Elf (0/3) Orc:4

Altars:
Cheibriados
Dithmenos
Elyvilon
Gozag
Nemelex Xobeh
Okawaru
Sif Muna
Trog
Yredelemnul
The Shining One
Beogh

Shops:
D:6 [[(*   Orc:1 =   Orc:4 *[((

Annotations:
D:7 exclusion: oklob plant
Snake:2 Jorgrun
Abyss:1 Donald, Louise


Innate Abilities, Weirdness & Mutations

You are too large for most types of armour.
You have tough skin (AC +1).


Message History

The water moccasin is heavily wounded.
The water moccasin bites you!
* * * LOW HITPOINT WARNING * * *
You hit the water moccasin!!
You kill the water moccasin!
Trog accepts your kill.
Found 20 gold pieces.
Found a stone staircase leading down.
Found 11 arrows.
Found a ring mail.
e - 10 scrolls of teleportation (gained 1) Jorgrun Earthshaker comes into view.
He is wielding a staff of earth.
Jorgrun shouts!
Use which ability? (? or * to list)
Your skin crawls.
You feel resistant to hostile enchantments.
You feel slightly more hungry.
Jorgrun mumbles some strange words.
The dungeon rumbles around Jorgrun!
You shudder from the earth-shattering force.
You die...

#.# #...#
#.###..$##(
##....>......
#............#
##...........##.
####...............
#....##.........#
#.............###
#..@###.#.....#
##..#.[.#.....####
.g..#.....#.#)†..#
#............####.##
#............##
#..##
#.....###.....#
##..# ..... ..###
##.# .... . #.# .
#.#


You could see Jorgrun.

Vanquished Creatures
  Gastronok (Lair:1)
  The ghost of patrick the Thaumaturge, a powerful SpAM of Gozag (Lair:5)
  The ghost of Fiveotanaka the Bludgeoner, a powerful MiAs of Ru (Lair:3)
  A fire dragon (Lair:8)
  A minotaur (Lab)
  Harold (Lair:1)
  The ghost of Fiveotanaka the Basher, an experienced OgHu of Ru (D:6)
  2 orc high priests (Orc:4)
  A naga sharpshooter (Snake:1)
  An orc knight (Orc:4)
  Pikel (D:7)
  A wolf spider (Lair:8)
  28 elephants
  2 griffons
  2 orc sorcerers
  A guardian serpent (Lair:8)
  15 black mambas
  A naga mage (Snake:2)
  15 spiny frogs
  7 komodo dragons
  3 fire drakes
  A polar bear (Lair:4)
  3 trolls
  A jumping spider (Lair:3)
  10 blink frogs
  4 basilisks
  3 slime creatures (Lair:8)
  3 redbacks
  36 yaks
  10 hippogriffs
  A hungry ghost (D:8)
  A wyvern (Lair:8)
  6 humans
  2 wargs
  2 mottled dragons (Lair:8)
  Edmund (D:6)
  9 soldier ants (Lair:4)
  Menkaure (D:6)
  21 wolves
  2 slaves (D:7)
  4 swamp drakes (Lair:8)
  26 orc warriors
  6 nagas
  The ghost of Fiveotanaka the Cudgeler, an average OgBe of Trog (D:3)
  6 spiders (Lair:8)
  A wasp (Lair:8)
  14 porcupines
  25 water moccasins
  3 ice beasts
  4 black bears
  9 ogres
  2 necrophages (D:9)
  2 phantoms
  2 sky beasts
  4 centaurs (Lair:6)
  24 crocodiles
  Sigmund (D:3)
  A boring beetle (Lair:7)
  A big kobold (D:9)
  13 giant frogs
  Blork the orc (D:5)
  4 scorpions
  A water moccasin skeleton (D:4)
  5 wights (D:7)
  4 electric eels
  A crimson imp (D:8)
  6 hounds
  9 iguanas
  3 centaur skeletons
  A centaur zombie (D:8)
  23 orc priests
  Crazy Yiuf (D:6)
  A giant frog skeleton (D:6)
  5 jellies
  20 orc wizards
  Natasha (D:3)
  A hell rat (D:10)
  22 worker ants
  27 sheep
  Terence (D:2)
  Robin (D:3)
  3 gnolls (D:8)
  3 orc zombies (Orc:4)
  2 shadow imps
  16 adders
  88 river rats
  3 giant mites
  6 worms
  4 giant geckos
  7 oozes
  128 orcs
  2 giant cockroaches
  18 hobgoblins
  4 jackals
  23 quokkas
  2 ball pythons (D:3)
  16 bats
  10 giant newts
  22 goblins
  2 jackal zombies
  19 kobolds
  A quokka skeleton (D:4)
  15 rats
  A fungus (Lair:8)
  3 plants (Lair:8)
889 creatures vanquished.

Vanquished Creatures (others)
  A black mamba (Lair:8)
  2 elephants (Lair:5)
  A queen ant (Lair:4)
  A torpor snail (Lair:4)
  A naga mage (Snake:1)
  3 wolves
  A water moccasin (Lair:8)
  A naga (Snake:1)
  A slave (D:7)
  A crocodile (Lair:3)
  A giant frog (Lair:4)
  An orc wizard (Orc:3)
  A sheep (Lair:8)
  3 oozes (D:7)
  An orc (Orc:3)
  9 fungi
  2 plants (Lair:8)
31 creatures vanquished.

Grand Total: 920 creatures vanquished

Notes
Turn   | Place    | Note
--------------------------------------------------------------
     0 | D:1      | Fiveotanaka, the Ogre Berserker, began the quest for the Orb.
     0 | D:1      | Reached XP level 1. HP: 24/24 MP: 1/1
   638 | D:1      | Reached XP level 2. HP: 32/32 MP: 2/2
   980 | D:1      | Reached skill level 5 in Maces & Flails
  1394 | D:2      | Acquired Trog's second power
  1394 | D:2      | Reached XP level 3. HP: 15/39 MP: 3/3
  1725 | D:2      | Noticed Terence
  1737 | D:2      | Killed Terence
  1737 | D:2      | Reached skill level 6 in Maces & Flails
  1914 | D:2      | Reached XP level 4. HP: 25/48 MP: 4/4
  2691 | D:2      | Found a deep blue altar of Sif Muna.
  2730 | D:3      | Noticed Fiveotanaka's ghost (average OgBe)
  2744 | D:3      | Killed Fiveotanaka's ghost
  2744 | D:3      | Reached skill level 8 in Maces & Flails
  2744 | D:3      | Reached XP level 5. HP: 50/54 MP: 5/5
  2821 | D:3      | Noticed Robin
  2873 | D:3      | Killed Robin
  2916 | D:3      | Reached XP level 6. HP: 49/62 MP: 6/6
  2944 | D:3      | Noticed Sigmund
  2956 | D:3      | Killed Sigmund
  2956 | D:3      | Reached skill level 9 in Maces & Flails
  3261 | D:3      | Found a sparkling altar of Nemelex Xobeh.
  3402 | D:3      | Noticed Natasha
  3407 | D:3      | Killed Natasha
  3749 | D:4      | Acquired Trog's third power
  4048 | D:4      | Reached XP level 7. HP: 68/70 MP: 7/7
  4091 | D:4      | Reached skill level 10 in Maces & Flails
  4301 | D:4      | Found an iron altar of Okawaru.
  4360 | D:4      | Found a shadowy altar of Dithmenos.
  4715 | D:4      | Found an opulent altar of Gozag.
  4753 | D:5      | Entered Level 5 of the Dungeon
  4948 | D:5      | Reached skill level 11 in Maces & Flails
  5179 | D:5      | Noticed Blork the orc
  5191 | D:5      | Killed Blork the orc
  5191 | D:5      | Reached XP level 8. HP: 33/78 MP: 8/8
  6007 | D:5      | Found a snail-covered altar of Cheibriados.
  6158 | D:5      | Received a gift from Trog
  6478 | D:5      | Found a staircase to the Ecumenical Temple.
  6528 | D:5      | Found a bloodstained altar of Trog.
  6729 | D:6      | Noticed Edmund
  6744 | D:6      | Killed Edmund
  6744 | D:6      | Reached skill level 12 in Maces & Flails
  6782 | D:6      | Found Zonyhopsau's Weapon Emporium.
  6815 | D:6      | Noticed Fiveotanaka's ghost (experienced OgHu)
  6826 | D:6      | Killed Fiveotanaka's ghost
  6826 | D:6      | Reached skill level 13 in Maces & Flails
  6826 | D:6      | Reached skill level 5 in Dodging
  6826 | D:6      | Reached XP level 9. HP: 84/84 MP: 9/9
  6852 | D:6      | Noticed Crazy Yiuf
  6862 | D:6      | Killed Crazy Yiuf
  7082 | D:6      | Found Skig Bua's Assorted Antiques.
  7088 | D:6      | Bought a glowing amethyst potion for 27 gold pieces
  7088 | D:6      | Bought a scroll labeled LUEDGHO SUCWU for 31 gold pieces
  7088 | D:6      | Bought a scroll labeled TRAER FYUNOTO for 31 gold pieces
  7225 | D:6      | Found Coolloyl's Armour Shoppe.
  7258 | D:6      | Noticed Menkaure
  7357 | D:6      | Killed Menkaure
  7404 | D:6      | Found Maeptasm's Armour Emporium.
  7693 | D:7      | Reached skill level 14 in Maces & Flails
  7940 | D:7      | Noticed an oklob plant
  8133 | D:7      | Reached skill level 15 in Maces & Flails
  8152 | D:7      | Reached XP level 10. HP: 23/92 MP: 10/10
  8487 | D:7      | Noticed Pikel
  8504 | D:7      | Killed Pikel
  9092 | D:8      | Reached skill level 16 in Maces & Flails
  9490 | D:8      | Received a gift from Trog
 10043 | D:9      | Found a glowing golden altar of the Shining One.
 10900 | D:9      | Reached skill level 17 in Maces & Flails
 10991 | D:10     | Entered Level 10 of the Dungeon
 10991 | D:10     | Found a runed door.
 10999 | D:10     | Found a basalt altar of Yredelemnul.
 11091 | D:10     | Reached XP level 11. HP: 59/100 MP: 11/11
 11523 | D:6      | Bought the +3 eveningstar of Khoygaq {crush, rF+} for 566 gold pieces
 11680 | D:10     | Found a staircase to the Lair.
 11707 | D:10     | Received a gift from Trog
 11713 | D:10     | Got a transparent giant club {god gift}
 11725 | D:10     | Identified the +7 giant club "Zexuj" {venom, MR++ Str+2 Int-5} (Trog gifted it to you on level 10 of the Dungeon)
 11755 | D:10     | Found a staircase to the Orcish Mines.
 11788 | Lair:1   | Entered Level 1 of the Lair of Beasts
 11881 | Lair:1   | Noticed Harold
 11888 | Lair:1   | Killed Harold
 11888 | Lair:1   | Reached skill level 5 in Fighting
 11943 | Lair:1   | Found a labyrinth entrance.
 12014 | Lab      | Entered a labyrinth
 12256 | Lab      | Noticed a minotaur
 12265 | Lab      | Killed a minotaur
 12587 | Lair:1   | Noticed Gastronok
 12602 | Lair:1   | Killed Gastronok
 12602 | Lair:1   | Reached skill level 18 in Maces & Flails
 13423 | Lair:1   | Received a gift from Trog
 13941 | Lair:1   | Reached XP level 12. HP: 94/118 MP: 12/12
 15263 | Lair:2   | Received a gift from Trog
 15266 | Lair:2   | Got a transparent dire flail {god gift}
 15267 | Lair:2   | Identified the +11 dire flail of Balance {distort, rN+} (Trog gifted it to you on level 2 of the Lair of Beasts)
 15769 | Lair:2   | Reached skill level 19 in Maces & Flails
 15912 | Lair:3   | Reached skill level 5 in Armour
 15993 | Lair:3   | Noticed Fiveotanaka's ghost (powerful MiAs)
 16003 | Lair:3   | Killed Fiveotanaka's ghost
 16730 | Lair:3   | Found a hole to the Spider Nest.
 16766 | Lair:3   | Received a gift from Trog
 16814 | Lair:4   | Found a staircase to the Snake Pit.
 17274 | Lair:4   | Identified 2 scrolls of acquirement
 17275 | Lair:4   | Got an encrusted cloak
 17286 | Lair:4   | Identified the -2 cloak "Shraatug" {Contam +Blink Str+4 Slay+5} (You acquired it on level 4 of the Lair of Beasts)
 17389 | Lair:4   | Reached XP level 13. HP: 66/131 MP: 13/13
 17810 | Lair:4   | Received a gift from Trog
 17912 | Lair:4   | Reached skill level 10 in Dodging
 18566 | Lair:4   | Reached skill level 20 in Maces & Flails
 18796 | Lair:5   | Reached skill level 10 in Fighting
 18916 | Lair:5   | Noticed patrick's ghost (powerful SpAM)
 18934 | Lair:5   | Received a gift from Trog
 19129 | Lair:5   | Killed patrick's ghost
 19637 | Lair:5   | Found a staircase to the Shoals.
 20135 | Lair:6   | Found a bloodstained altar of Trog.
 20268 | Lair:6   | Found a white marble altar of Elyvilon.
 20636 | Lair:6   | Reached XP level 14. HP: 140/146 MP: 14/14
 21123 | Lair:7   | Received a gift from Trog
 21884 | Lair:8   | Entered Level 8 of the Lair of Beasts
 22360 | Lair:8   | Found a staircase to the Slime Pits.
 22870 | Lair:8   | Received a gift from Trog
 22871 | Lair:8   | Reached skill level 21 in Maces & Flails
 24326 | Orc:1    | Entered Level 1 of the Orcish Mines
 24339 | Orc:1    | Found Smueh's Jewellery Shoppe.
 24370 | Orc:1    | Bought the ring of Dim Light {rElec rPois MR+ Int+2} for 613 gold pieces
 24636 | Orc:3    | Received a gift from Trog
 24639 | Orc:3    | Noticed Donald
 24652 | Orc:3    | Banished Donald
 25043 | Orc:4    | Entered Level 4 of the Orcish Mines
 25119 | Orc:4    | Received a gift from Trog
 25162 | Orc:4    | Found a bloodstained altar of Trog.
 25331 | Orc:4    | Found a roughly hewn altar of Beogh.
 25331 | Orc:4    | Found Ujuamah's Antique Weapon Emporium.
 25378 | Orc:4    | Found a roughly hewn altar of Beogh.
 25500 | Orc:4    | Found a roughly hewn altar of Beogh.
 25500 | Orc:4    | Found Fuekhla's Assorted Antiques.
 25572 | Orc:4    | Found a staircase to the Elven Halls.
 25661 | Orc:4    | Received a gift from Trog
 25666 | Orc:4    | Reached XP level 15. HP: 158/158 MP: 15/15
 25751 | Orc:4    | Received a gift from Trog
 25754 | Orc:4    | Noticed an orc warlord
 26016 | Orc:4    | Got a blackened giant spiked club {god gift}
 26110 | Orc:4    | Found Kaluahuv's Antique Armour Emporium.
 26110 | Orc:4    | Found a roughly hewn altar of Beogh.
 26115 | Orc:4    | Found Bladuat's Antique Weapon Shoppe.
 26134 | Orc:4    | Bought an opalescent robe for 199 gold pieces
 26152 | Orc:4    | Identified the +2 robe "Qyups" {rElec Dex+2 Slay-2} (You bought it in a shop on level 4 of the Orcish Mines)
 26162 | Orc:4    | Bought an embroidered robe for 24 gold pieces
 26372 | Snake:1  | Entered Level 1 of the Snake Pit
 26744 | Snake:2  | HP: 1/161 [mana viper (21)]
 26754 | Snake:2  | Noticed Louise
 26765 | Snake:2  | Banished Louise
 26777 | Snake:2  | Noticed Jorgrun
 26779 | Snake:2  | Killed from afar by Jorgrun

Action                   |  1- 3 |  4- 6 |  7- 9 | 10-12 | 13-15 || total
-------------------------+-------+-------+-------+-------+-------++-------
Melee: Mace              |   114 |   164 |       |       |       ||   278
       Flail             |       |    46 |   293 |   312 |       ||   651
       Giant club        |       |       |       |   130 |       ||   130
       Eveningstar       |       |       |       |   127 |       ||   127
       Dire flail        |       |       |       |   191 |   977 ||  1168
Invok: Berserk           |     1 |     4 |     3 |     9 |     7 ||    24
       Trog's Hand       |       |       |       |     1 |     3 ||     4
  Use: Scroll            |       |       |     7 |    12 |     5 ||    24
       Potion            |       |       |       |     4 |     3 ||     7
 Stab: Distracted        |       |       |       |     1 |     1 ||     2
       Sleeping          |       |       |       |       |     3 ||     3
  Eat: Chunk             |     4 |    11 |    10 |    27 |    35 ||    87
       Beef jerky        |       |       |     1 |     2 |     1 ||     4
       Bread ration      |       |       |     1 |       |       ||     1
       Meat ration       |       |       |       |     2 |       ||     2
       Royal jelly       |       |       |       |     1 |     2 ||     3
       Pizza             |       |       |       |       |     2 ||     2
       Fruit             |       |       |       |       |     1 ||     1
